 Dungeon Crawl Stone Soup version 0.24.1-11-gbbbb2193e6 (webtiles) character file.

Game seed: 4198848240867242411, levelgen mode: deterministic

58 Descartes the Magician (level 3, -4/26 HPs)
             Began as a Demonspawn Wanderer on May 13, 2020.
             Was an Initiate of Cheibriados.
             Slain by an iguana (9 damage)
             ... on level 2 of the Dungeon.
             The game lasted 00:05:44 (2957 turns).

Descartes the Magician (Demonspawn Wanderer)        Turns: 2957, Time: 00:05:44

Health: -4/26      AC:  5    Str: 14    XL:     3   Next: 76%
Magic:  0/7        EV: 11    Int: 13    God:    Cheibriados [......]
Gold:   112        SH:  0    Dex: 14    Spells: 0/8 levels left

rFire    . . .     SeeInvis .   a - +0 club
rCold    . . .     Gourm    .   (no shield)
rNeg     . . .     Faith    .   n - +0 leather armour
rPois    .         Spirit   +   (no helmet)
rElec    .         Reflect  .   e - scarf {Spirit}
rCorr    .         Harm     .   (no gloves)
MR       .....                  (no boots)
Stlth    +.........             (no amulet)
HPRegen  0.08/turn              (no ring)
MPRegen  0.10/turn              (no ring)

@: very slow
A: talons 1, thin metallic scales 1
a: Bend Time, Renounce Religion


You were on level 2 of the Dungeon.
You worshipped Cheibriados.
Cheibriados was noncommittal.
You were not hungry.

You visited 1 branch of the dungeon, and saw 2 of its levels.

You collected 112 gold pieces.

Inventory:

Hand Weapons
 a - a +0 club (weapon)
 q - a +0 dagger
 s - a +0 hunting sling
Missiles
 g - 84 stones (quivered)
 h - 17 sling bullets
Armour
 d - a +0 robe
 e - a scarf of spirit shield (worn)
 n - a +0 leather armour (worn)
Wands
 c - a wand of random effects (15)
Scrolls
 j - 2 scrolls of identify {unknown}
 m - 2 scrolls of fear {unknown}
 p - a scroll of remove curse {unknown}
 r - a scroll of fog {unknown}
 t - a scroll of teleportation {unknown}
 w - a scroll of amnesia {unknown}
Potions
 b - 2 potions of heal wounds {unknown}
 i - a potion of mutation {unknown}
 k - a potion of ambrosia {unknown}
 l - a potion of resistance {unknown}
 o - a potion of lignification {unknown}
 v - a potion of curing {unknown}
 x - a potion of magic {unknown}
Comestibles
 f - 4 rations
 u - 4 chunks of flesh


   Skills:
 + Level 1.5 Fighting
   Level 1.0 Bows
 + Level 1.5 Armour
 + Level 1.0 Dodging
 + Level 3.2 Spellcasting
 + Level 1.5 Charms
   Level 1.0 Summonings
 + Level 0.2 Necromancy
 + Level 0.1 Translocations
 + Level 2.5 Evocations


You couldn't memorise any spells.
You knew the following spells:

 Your Spells              Type           Power        Failure   Level  Hunger
a - Infusion              Chrm           #...         14%         1    #......
b - Song of Slaying       Chrm           #.......     22%         2    ##.....
c - Shroud of Golubria    Chrm/Tloc      #.....       28%         2    ##.....
d - Regeneration          Chrm/Necr      #.........   50%         3    ###....

Your spell library contained the following spells:

 Spells                   Type           Power        Failure   Level  Hunger
 Summon Small Mammal      Summ           #...         19%         1    #......
 Spectral Weapon          Hex/Chrm       #.......     52%         3    ###....
 Summon Guardian Golem    Hex/Summ       #.......     56%         3    ###....


Dungeon Overview and Level Annotations

Branches:
Dungeon (2/15)

Altars:
Cheibriados
Yredelemnul


Innate Abilities, Weirdness & Mutations

You have sharp toenails.
You are partially covered in thin metallic scales. (AC +2)


Message History

u - 4 chunks of flesh (gained 1)
You see here a bat skeleton.
An iguana comes into view.
The iguana hisses angrily.
The iguana bites you.
You barely miss the iguana.
The iguana bites you but does no damage.
The iguana bites you.
You hit the iguana but do no damage. Your kick misses the iguana.
The iguana bites you!
You hit the iguana but do no damage. Your kick misses the iguana.
The iguana bites you!
* * * LOW HITPOINT WARNING * * *
You hit the iguana but do no damage. You claw the iguana, but do no damage.
The iguana barely misses you. x2
The iguana closely misses you.
You barely miss the iguana. The iguana barely misses you.
You hit the iguana but do no damage. Your kick misses the iguana.
The iguana bites you!
You die...

###..#
#......................... #..#
#.......################## #..#
#.......# #..# #.......# ###..#
#.......# .##..# #.......#
.##..# #.......# #########.#
.##..#######.#.####.........#
.........รท......@l...........
.##..#######.#.####.########..#
.##..# #........# #..#
.....#######......... ...#
...#......)........### #..#
.#.##########......# #..###
.#.# #......# #..... .#.#
#......#########.#### .###
.....................


You could see an iguana.

Vanquished Creatures
  A worm (D:2)
  A dart slug (D:1)
  3 leopard geckos
  6 giant cockroaches
  3 goblins
  4 hobgoblins
  4 jackals (D:2)
  6 kobolds
  A ball python (D:2)
  4 bats
  5 frilled lizards
  8 rats
  A spectral orc (D:2)
47 creatures vanquished.

Notes
Turn   | Place    | Note
-------+----------+-------------------------------------------
     0 | D:1      | Descartes the Demonspawn Wanderer began the quest for the
                  | Orb.
     0 | D:1      | Descartes set off with the following items: a +0 club, a
                  | wand of random effects (15), a +0 robe, a ration; and the
                  | following spells available to memorise: Infusion, Summon
                  | Small Mammal, Song of Slaying, Shroud of Golubria,
                  | Regeneration, Spectral Weapon, Summon Guardian Golem
     0 | D:1      | Reached XP level 1. HP: 15/15 MP: 4/4
     2 | D:1      | Learned a level 1 spell: Infusion
   647 | D:1      | Gained mutation: You have sharp toenails. [demonic
                  | ancestry]
   647 | D:1      | Reached XP level 2. HP: 21/21 MP: 6/6
   797 | D:1      | HP: 1/21 [hobgoblin (1)]
  1341 | D:1      | Gained mutation: You are partially covered in thin metallic
                  | scales. (AC +2) [demonic ancestry]
  1341 | D:1      | Reached XP level 3. HP: 24/26 MP: 5/7
  1355 | D:1      | Learned a level 2 spell: Song of Slaying
  1358 | D:1      | Learned a level 2 spell: Shroud of Golubria
  1362 | D:1      | Learned a level 3 spell: Regeneration
  2404 | D:2      | Found a basalt altar of Yredelemnul.
  2684 | D:2      | Found a snail-covered altar of Cheibriados.
  2818 | D:2      | Reached skill level 1 in Dodging
  2852 | D:2      | Became a worshipper of Cheibriados the Contemplative
  2957 | D:2      | Slain by an iguana

Levels and vault maps discovered:
D:1:      dpeg_arrival_boxes_within_box, layout_basic
D:2:      layout_basic, yredelemnul_forgotten_temple_becter,
          lemuel_doored_altar, kennysheep_flooded_box, kennysheep_generic_room_9

Skill      XL: |  1  2  3 |
---------------+----------+-----
Dodging        | 1 |  1.0
Fighting       | |  1.5
Bows           | |  1.0
Armour         | |  1.5
Spellcasting   | |  3.2
Charms         | |  1.5
Summonings     | |  1.0
Necromancy     | |  0.2
Translocations | |  0.1
Evocations     | |  2.5

Action                   || total
-------------------------++-------
Melee: Club              ||   194
       Kick              ||    47
 Stab: Sleeping          ||     1
  Eat: Chunk             ||     7
Armor: Robe              ||    16
       Leather armour    ||    37
Dodge: Dodged            ||   156
